Workbook

Sheet PLANILHA
A1: MODELO ORÇAMENTO SINTÉTICO (PROPOSTA DE PREÇOS) MUSEU E ARQUIVO HISTÓRICO CAMPUS PRESIDENTE JUSCELINO KUBITSCHEK - DIAMANTINA - MG
A2: SUBTOTAL SEM BDI | G2: =G262 -> 0
A3: TOTAL DE BDI | G3: =G263 -> 0
A4: SUBTOTAL COM BDI | G4: =G264 -> 0
A5: Item | B5: Código | C5: Descrição | D5: Und | E5: Qtd | F5: R$ Unitário | G5: R$ Subtotal
A6: 1.0 | B6: SERVIÇOS PRELIMINARES
A7: 1.1 | B7: MOB-002 | C7: MOBILIZAÇÃO E DESMOBILIZAÇÃO DE OBRA - PARA OBRAS EXECUTADAS EM CENTROS URBANOS OU PRÓXIMOS DE CENTROS URBANOS - CONF. DEMOSTRATIVO EM ANEXO | D7: und | E7: 1 | G7: =E7*F7 -> 0
A8: 1.2 | B8: ADM-001 | C8: ADMINISTRAÇÃO LOCAL - CONF. DEMOSTRATIVO EM ANEXO | D8: und | E8: 1 | G8: =E8*F8 -> 0
A9: SUBTOTAL | G9: =SUM(G7:G8) -> 0
A10: 2.0 | B10: CANTEIRO DE OBRAS
A11: 2.1 | B11: SINAPI - 74209/001 | C11: PLACA DE OBRA EM CHAPA DE ACO GALVANIZADO | D11: m² | E11: 9 | G11: =E11*F11 -> 0
A12: 2.2 | B12: SINAPI - 3805/001 | C12: BARRACAO DE OBRA PARA ALOJAMENTO/ESCRITORIO, PISO EM PINHO 3A, PAREDES EM COMPENSADO 10MM, COBERTURA EM TELHA AMIANTO 6MM, INCLUSO INSTALACO ES ELETRICAS E ESQUADRIAS | D12: m² | E12: 25 | G12: =E12*F12 -> 0
A13: 2.3 | B13: SINAPI - 74242/001 | C13: BARRACAO DE OBRA EM CHAPA DE MADEIRA COMPENSADA COM BANHEIRO, COBERTURA EM FIBROCIMENTO 4 MM, INCLUSO INSTALACOES HIDRO-SANITARIAS E ELETRICAS | D13: m² | E13: 86 | G13: =E13*F13 -> 0
A14: 2.4 | B14: SINAPI - 74210/001 | C14: BARRACAO PARA DEPOSITO EM TABUAS DE MADEIRA, COBERTURA EM FIBROCIMENTO 4 MM, INCLUSO PISO ARGAMASSA TRAÇO 1:6 (CIMENTO E AREIA) | D14: m² | E14: 25.41 | G14: =E14*F14 -> 0
A15: 2.5 | B15: SINAPI - 73960/001 | C15: INSTAL/LIGACAO PROVISORIA ELETRICA BAIXA TENSAO P/CANT OBRA OBRA,M3-CHAVE 100A CARGA 3KWH,20CV EXCL FORN MEDIDOR | D15: und | E15: 1 | G15: =E15*F15 -> 0
A16: 2.6 | B16: SINAPI - 73659-74218/001-74217/002 | C16: INSTAL/LIGACAO PROVISORIA DE AGUA EXCL FORN MEDIDOR | D16: und | E16: 2 | G16: =E16*F16 -> 0
A17: 2.7 | B17: SINAPI - 73784/002 | C17: LIGAÇÃO DE ESGOTO EM TUBO PVC ESGOTO SÉRIE-R DN 150MM, DA CAIXA ATÉ A REDE, INCLUINDO ESCAVAÇÃO E REATERRO ATÉ 1,00M, COMPOSTO POR 13,65M TUBO PVC SÉRIE-R ESGOTO DN 150MM - FORNECIMENTO E INSTALAÇÃO DE | D17: und | E17: 2 | G17: =E17*F17 -> 0
A18: 2.8 | B18: SINAPI - 74220/001 | C18: TAPUME DE CHAPA DE MADEIRA COMPENSADA (6MM) - PINTURA A CAL- APROVEITAMENTO 2 X | D18: m² | E18: 316.55 | G18: =E18*F18 -> 0
A19: 2.9 | B19: SINAPI - 74077/001 | C19: LOCACAO CONVENCIONAL DE OBRA, ATRAVÉS DE GABARITO DE TABUAS CORRIDAS PONTALETADAS, SEM REAPROVEITAMENTO | D19: m² | E19: 3844 | G19: =E19*F19 -> 0
A20: SUBTOTAL | G20: =SUM(G11:G19) -> 0
A21: 3.0 | B21: MOVIMENTO DE TERRA
A22: 3.1 | B22: SINAPI - 73822/002 | C22: LIMPEZA DE TERRENO - RASPAGEM MECANIZADA (MOTONIVELADORA) DE CAMADA VEGETAL | D22: m² | E22: 4844 | G22: =E22*F22 -> 0
A23: 3.2 | B23: SETOP -TER-ATE-010 | C23: ATERRO COMPACTADO COM PLACA VIBRATÓRIA | D23: m² | E23: 2794.33 | G23: =E23*F23 -> 0
A24: 3.3 | B24: SINAPI - 74151/001 | C24: ESCAVACAO E CARGA MATERIAL 1A CATEGORIA, UTILIZANDO TRATOR DE ESTEIRAS DE 110 A 160HP COM LAMINA, PESO OPERACIONAL * 13T E PA CARREGADEIRA COM 170 HP. | D24: m² | E24: 686.52 | G24: =E24*F24 -> 0
A25: 3.4 | B25: SINAPI - 74140/003 | C25: CARGA, TRANSPORTE E DESCARGA MECANICA ATE 10,00 KM | D25: m³ | E25: 2107.81 | G25: =E25*F25 -> 0
G26: =SUM(G22:G25) -> 0
A27: 4.0 | B27: FUNDAÇÃO
A28: 4.1 | B28: SINAPI - 73447 | C28: ESCAVACAO MANUAL DE VALAS EM TERRA COMPACTA, PROF. 2 M < H <= 3 M | D28: m³ | E28: 555.42 | G28: =E28*F28 -> 0
A29: 4.2 | B29: SINAPI - 73965/001 | C29: REGULARIZACAO E COMPACTACAO MANUAL DE TERRENO COM SOQUETE | D29: m² | E29: 450 | G29: =E29*F29 -> 0
A30: 4.3 | B30: SINAPI - 73964/006 | C30: REATERRO MANUAL DE VALAS | D30: m³ | E30: 30 | G30: =E30*F30 -> 0
A31: 4.4 | B31: SINAPI - 74115/001 | C31: EXECUÇÃO DE LASTRO EM CONCRETO (1:2,5:6), PREPARO MANUAL | D31: m³ | E31: 25.02 | G31: =E31*F31 -> 0
A32: 4.5 | B32: SINAPI - 73972/001 | C32: CONCRETO ESTRUTURAL FCK=25MPA, VIRADO EM BETONEIRA, NA OBRA, SEM LANÇAMENTO | D32: m³ | E32: 500.4 | G32: =E32*F32 -> 0
A33: 4.6 | B33: SINAPI - 74023/002 | C33: TRANSPORTE HORIZONTAL DE MATERIAIS DIVERSOS A 40M | D33: m³ | E33: 500.4 | G33: =E33*F33 -> 0
A34: 4.7 | B34: SINAPI - 74157/001 | C34: LANÇAMENTO E ADENSAMENTO DE CONCRETO EM FUNDAÇÕES. | D34: m³ | E34: 500.4 | G34: =E34*F34 -> 0
A35: 4.8 | B35: SINAPI - 74074/002 | C35: FORMA PINHO 3A P/CONCRETO EM FUNDAÇÃO REAPROV 3 VEZES - CORTE/MONTAGEM /ESCORAMENTO/DESFORMA, NÃO INCLUÍDO DEMOLDANTE | D35: m² | E35: 1472.5 | G35: =E35*F35 -> 0
A36: 4.9 | B36: SINAPI - 74254/002 | C36: ARMACAO ACO CA-50, DIAM. 6,3 (1/4) À 12,5MM(1/2) -FORNECIMENTO/ CORTE(PERDA DE 10%) / DOBRA / COLOCAÇÃO. | D36: kg | E36: 8401.3 | G36: =E36*F36 -> 0
A37: SUBTOTAL | G37: =SUM(G28:G36) -> 0
A38: 5.0 | B38: IMPERMEABILIZAÇÃO
A39: 5.1 | B39: SINAPI - 74106/001 | C39: IMPERMEABILIZAÇÃO COM TINTA BETUMINOSA EM FUNDAÇOES, BALDRAMES, EM DUAS DEMAOS | D39: m² | E39: 249.054 | G39: =E39*F39 -> 0
A40: SUBTOTAL | G40: =SUM(G39) -> 0
A41: 6.0 | B41: ESTRUTURAL
A42: 6.1 | B42: SINAPI - 73972/001 | C42: CONCRETO ESTRUTURAL FCK=25MPA, VIRADO EM BETONEIRA, NA OBRA, SEM LANÇAMENTO | D42: m³ | E42: 583.28 | G42: =E42*F42 -> 0
A43: 6.2 | B43: SINAPI - 74075/002 | C43: FORMA MADEIRA COMP RESINADA 12MM P/ESTRUTURA REAPROV 3 VEZES - CORTE/MONTAGEM/ESCORAMENTO/DESFORMA | D43: m² | E43: 5166.1 | G43: =E43*F43 -> 0
A44: 6.3 | B44: SINAPI - 74254/002 | C44: ARMACAO ACO CA-50, DIAM. 6,3 (1/4) À 12,5MM(1/2) -FORNECIMENTO/ CORTE(PERDA DE 10%) / DOBRA / COLOCAÇÃO. | D44: kg | E44: 5056.9 | G44: =E44*F44 -> 0
A45: 6.4 | B45: SINAPI - 74157/001 | C45: LANCAMENTO MANUAL DE CONCRETO EM ESTRUTURAS, INCL. VIBRACAO | D45: m³ | E45: 5166.1 | G45: =E45*F45 -> 0
A46: 6.5 | B46: SINAPI - 74202/002 | C46: LAJE PRE-MOLDADA P/fORRO, SOBRECARGA 200KG/M2, VAOS ATE 3,50M/E=8CM, C/LAJOTAS E CAP.C/CONC FCK=20MPA, 4CM, INTER-EIXO 38CM, C/ESCORAMENTO (R EAPR.3X) E FERRAGEM NEGATIVA | D46: m² | E46: 1069.7 | G46: =E46*F46 -> 0
A47: 6.6 | B47: SINAPI - 74112 | C47: LAJE MACICA CONCRETO FCK=25MPA E=8CM, INCL. FORMA PLASTIFICADA 18MM / ESCORAMENTO MAD SERRADA C/REAP. 12X E 95,0KG ACO CA-50/60 /M3 | D47: M³ | E47: 637.21 | G47: =E47*F47 -> 0
A48: SUBTOTAL | G48: =SUM(G42:G47) -> 0
A49: 7.0 | B49: ALVENARIAS
A50: 7.1 | B50: SINAPI - 73935/002 | C50: ALVENARIA EM TIJOLO CERAMICO FURADO 10X20X20CM, 1 VEZ, ASSENTADO EM ARGAMASSA TRACO 1:5 (CIMENTO E AREIA), E=1CM | D50: m² | E50: 3065.398 | G50: =E50*F50 -> 0
A51: 7.2 | B51: SINAPI - 73935/001 | C51: ALVENARIA EM TIJOLO CERAMICO FURADO 10X20X20CM, 1/2 VEZ, ASSENTADO EM ARGAMASSA TRACO 1:5 (CIMENTO E AREIA), E=1CM | D51: m² | E51: 183.806 | G51: =E51*F51 -> 0
A52: 7.3 | B52: SINAPI - 73499 | C52: VERGAS DE CONCRETO ARMADO PARA ALVENARIA COM APROVEITAMENTO DA MADEIRA | D52: m³ | E52: 7.9761 | G52: =E52*F52 -> 0
A53: 7.4 | B53: SETOP - DIV-PED-010 | C53: DIVISÓRIA EM ARDÓSIA E = 3 CM, INCLUSIVE FERRAGENS EM LATÃO CROMADO | D53: m² | E53: 29.88 | G53: =E53*F53 -> 0
A54: 7.5 | B54: SINAPI - 73998/001 | C54: ALVENARIA DE BLOCOS DE CONCRETO VEDACAO 9X19X39CM, ESPESSURA 9CM, ASSENTADOS COM ARGAMASSA TRACO 1:0,5:11 (CIMENTO, CAL E AREIA) | D54: m² | E54: 202.6 | G54: =E54*F54 -> 0
A55: SUBTOTAL | G55: =SUM(G50:G54) -> 0
A56: 8.0 | B56: COBERTURA
A57: 8.1 | B57: SINAPI - 72111 | C57: ESTRUTURA METALICA EM TESOURAS, VAO 15M | D57: m² | E57: 1471.05 | G57: =E57*F57 -> 0
A58: 8.2 | B58: SETOP - COB-TEL-050 | C58: COBERTURA EM TELHA METÁLICA GALVANIZADA TRAPEZOIDAL, DUPLA COM TRATAMENTO TERMO-ACÚSTICO | D58: m² | E58: 1471.05 | G58: =E58*F58 -> 0
A59: 8.3 | B59: SINAPI - 72109 | C59: RUFOS EM CHAPA DE ACO GALVANIZADO N.24, DESENVOLVIMENTO 50CM, DESENVOLVIMENTO 50CM | D59: m | E59: 561.74 | G59: =E59*F59 -> 0
A60: 8.4 | B60: SETOP - PLU-CON-005 | C60: CONDUTOR DE AP DO TELHADO EM TUBO PVC ESGOTO,INCLUSIVE CONEXÕES E SUPORTES, 100 MM | D60: m | E60: 73.5525 | G60: =E60*F60 -> 0
A61: 8.5 | B61: SINAPI - 41602 | C61: FORRO PVC EM PLACAS COM LARGURA DE 10CM, ESPESSURA 8MM, COMP DE 6,0M,LISO, (INCLUSIVE COLOCACAO, EXCLUSIVE ESTRUTURA DE SUPORTE) | D61: m² | E61: 637.21 | G61: =E61*F61 -> 0
A62: 8.6 | B62: SINAPI - 73792/1 | C62: FORRO EM PLACA DE GESSO PRE-MOLDADA LISO, ESPESSURA CENTRAL 12MM E NAS BORDAS 30MM, PLACAS 60X60CM, BISOTADO, INCLUSO ESTRUTURA DE MADEIRA | D62: m² | E62: 71.66 | G62: =E62*F62 -> 0
A63: SUBTOTAL | G63: =SUM(G57:G62) -> 0
A64: 9.0 | B64: PISO
A65: 9.1 | B65: SINAPI - 6042 | C65: CONCRETO NÃO ESTRUTURAL, PREPARO C/ BETONEIRA CONSUMO CIMENTO=210KG/M3 PARA LASTROS, CONTRAPISOS, CALÇADAS, ETC... | D65: m³ | E65: 74.858 | G65: =E65*F65 -> 0
A66: 9.2 | B66: SINAPI - 73919/006 | C66: CONTRAPISO EM ARGAMASSA TRACO 1:4 (CIMENTO E AREIA), INTERNO SOBRE LAJE, ADERIDO, ESPESSURA 2,5CM, PREPARO MECANICO | D66: m² | E66: 1935.36 | G66: =E66*F66 -> 0
A67: 9.3 | B67: SINAPI - 73829/001 | C67: PISO EM CERAMICA ESMALTADA 1A PEI-V, PADRAO MEDIO, ASSENTADA COM ARGAMASSA COLANTE | D67: m² | E67: 1935.36 | G67: =E67*F67 -> 0
A68: 9.4 | B68: SINAPI - 73985/001 | C68: RODAPE EM CERAMICA ESMALTADA LINHA POPULAR PEI-4, ASSENTADA COM ARGAMASSA FABRICADA NO LOCAL, COM REJUNTAMENTO EM CIMENTO BRANCO | D68: m | E68: 1421.24 | G68: =E68*F68 -> 0
A69: 9.5 | B69: SETOP - PIS-FAI-005 | C69: FAIXA ANTIDERRAPANTE NOS DEGRAUS DE ESCADA | D69: m | E69: 15.46 | G69: =E69*F69 -> 0
A70: 9.6 | B70: PESQUISA DE MERCADO | C70: PISO EM CARPETE SINTETICA ESPESSURA 7MM, PASTILHADO, ASSENTADO EM COLA | D70: m² | E70: 100.584 | G70: =E70*F70 -> 0
A71: SUBTOTAL | G71: =SUM(G65:G70) -> 0
A72: 10.0 | B72: ESQUADRIAS
A73: 10.01 | B73: ESQUADRIAS DE MADEIRA
A74: 10.01.01 | B74: SINAPI - 73910/001 | C74: PORTA DE MADEIRA COMPENSADA LISA PARA PINTURA, 0,60X2,10M, INCLUSO ADUELA 2A, ALIZAR 2A E DOBRADICA | D74: und | E74: 1 | G74: =E74*F74 -> 0
A75: 10.01.02 | B75: SINAPI - 73910/006 | C75: PORTA DE MADEIRA COMPENSADA LISA PARA PINTURA, 0,80X2,10M, INCLUSO ADUELA 2A, ALIZAR 2A E DOBRADICA | D75: und | E75: 14 | G75: =E75*F75 -> 0
A76: 10.01.03 | B76: SINAPI - 73910/007 | C76: PORTA DE MADEIRA COMPENSADA LISA PARA PINTURA, 0,90X2,10M, INCLUSO ADUELA 2A, ALIZAR 2A E DOBRADICA | D76: und | E76: 3 | G76: =E76*F76 -> 0
A77: 10.01.04 | B77: SINAPI - 73910/008 | C77: PORTA DE MADEIRA COMPENSADA LISA PARA PINTURA, 1,90X2,10M, INCLUSO ADUELA 2A, ALIZAR 2A E DOBRADICA | D77: und | E77: 9 | G77: =E77*F77 -> 0
A78: 10.02 | B78: ACABAMENTO
A79: 10.02.01 | B79: SINAPI - 74068/002 | C79: FECHADURA DE EMBUTIR COMPLETA, PARA PORTAS EXTERNAS, PADRAO DE ACABAMENTO POPULAR | D79: und | E79: =17 -> 17 | G79: =E79*F79 -> 0
A80: 10.02.02 | B80: SINAPI - 74069/001 | C80: FECHADURA DE EMBUTIR COMPLETA, PARA PORTAS BANHEIRO, PADRAO DE ACABAMENTO POPULAR | D80: und | E80: 1 | G80: =E80*F80 -> 0
A81: 10.03 | B81: ESQUADRIAS METALICAS
A82: 10.03.01 | B82: SINAPI - 74067/004 | C82: JANELA ALUMINIO DE CORRER, VENEZIANA, SEM BANDEIRA, LINHA 25 | D82: m² | E82: 268.84 | G82: =E82*F82 -> 0
A83: 10.04 | B83: VIDROS
A84: 10.04.01 | B84: SINAPI - 72117 | C84: VIDRO LISO COMUM TRANSPARENTE, ESPESSURA 4MM | D84: m² | E84: 341.94 | G84: =E84*F84 -> 0
A85: 10.04.02 | B85: SINAPI - 72119 | C85: VIDRO TEMPERADO INCOLOR, ESPESSURA 8MM | D85: m² | E85: 332.904 | G85: =E85*F85 -> 0
A86: SUBTOTAL | G86: =SUM(G74:G85) -> 0
A87: 11.00 | B87: REVESTIMENTOS
A88: 11.01 | B88: REVESTIMENTO INTERNO/EXTERNO
A89: 11.01.01 | B89: SINAPI - 5974 | C89: CHAPISCO EM PAREDES TRACO 1:4 (CIMENTO E AREIA), ESPESSURA 0,5CM, PREPARO MECANICO | D89: m² | E89: 8152.662 | G89: =E89*F89 -> 0
A90: 11.01.02 | B90: SINAPI - 5978 | C90: EMBOCO PAULISTA (MASSA UNICA) EM PAREDE TRACO 1:2:4 (CIMENTO, CAL E AREIA), ESPESSURA 2,0CM, PREPARO MECANICO | D90: m² | E90: 8152.662 | G90: =E90*F90 -> 0
A91: 11.01.03 | B91: SINAPI - 73925/002 | C91: AZULEJO 1A 15X15CM FIXADO ARGAMASSA COLANTE, REJUNTAMENTO COM CIMENTO BRANCO | D91: m² | E91: 171.18 | G91: =E91*F91 -> 0
A92: 11.02 | C92: REVESTIMENTO TETO
A93: 11.02.01 | B93: SINAPI - 5974 | C93: CHAPISCO EM TETO TRACO 1:4 (CIMENTO E AREIA), ESPESSURA 0,5CM, PREPARO MECANICO | D93: m² | E93: 1935.36 | G93: =E93*F93 -> 0
A94: 11.02.02 | B94: SINAPI - 5978 | C94: EMBOCO PAULISTA (MASSA UNICA) EM TETOS TRACO 1:2:4 (CIMENTO, CAL E AREIA), ESPESSURA 2,0CM, PREPARO MECANICO | D94: m² | E94: 1935.36 | G94: =E94*F94 -> 0
A95: SUBTOTAL | G95: =SUM(G89:G94) -> 0
A96: 12.00 | B96: PINTURA
A97: 12.01 | B97: PINTURA INTERNO/EXTERNO
A98: 12.01.01 | B98: SINAPI - 73751/001 | C98: FUNDO SELADOR PVA AMBIENTES INTERNOS, UMA DEMAO | D98: m² | E98: 7981.482 | G98: =E98*F98 -> 0
A99: 12.01.02 | B99: SINAPI - 73955/002 | C99: EMASSAMENTO COM MASSA LATEX PVA PARA AMBIENTES INTERNOS, DUAS DEMAOS | D99: m² | E99: 7981.482 | G99: =E99*F99 -> 0
A100: 12.01.03 | B100: SINAPI - 73750/001 | C100: PINTURA LATEX PVA AMBIENTES INTERNOS, DUAS DEMAOS | E100: 7981.482 | G100: =E100*F100 -> 0
...

Sheet COMP. DE CUSTO
A1: ANEXO XII - MODELO COMPOSIÇÃO CUSTOS UNITÁRIOS ( PLANILHA ANALÍTICA - DEMONSTRAÇÃO PROPOSTA DE PREÇOS) MUSEU E ARQUIVO HISTÓRICO CAMPUS PRESIDENTE JUSCELINO KUBITSCHEK - DIAMANTINA - MG
A2: 1.0 | B2: SERVIÇOS PRELIMINARES
A3: 1.1 | B3: MOB-002 | C3: MOBILIZAÇÃO E DESMOBILIZAÇÃO DE OBRA - PARA OBRAS EXECUTADAS EM CENTROS URBANOS OU PRÓXIMOS DE CENTROS URBANOS - CONF. DEMOSTRATIVO EM ANEXO
A5: 1.2 | B5: ADM-001 | C5: ADMINISTRAÇÃO LOCAL - CONF. DEMOSTRATIVO EM ANEXO
B6: SETOP -ADM-ENC-005 | C6: ENCARREGADO DE OBRA | D6: Mês | E6: 12 | G6: =E6*F6 -> 0
B7: SETOP -ADM-APO-005 | C7: APONTADOR | D7: Mês | E7: 12 | G7: =E7*F7 -> 0
B8: SETOP -ADM-ENG-010 | C8: ENGENHEIRO DE OBRAS PLENO - ENG CIVIL | D8: Mês | E8: 12 | G8: =E8*F8 -> 0
B9: SETOP -ADM-ENG-011 | C9: ENGENHEIRO DE OBRAS PLENO ENG ELETRICISTA | D9: Mês | E9: 3 | G9: =E9*F9 -> 0
B10: SETOP -ADM-TEC-010 | C10: TÉCNICO DE SEGURANÇA DO TRABALHO | D10: Mês | E10: 12 | G10: =E10*F10 -> 0
B11: SETOP -MST-PCM-005 | C11: PCMAT | D11: Und | E11: 1 | G11: =E11*F11 -> 0
B12: SETOP -MST-PCM-006 | C12: PCMSO | D12: Und | E12: 12 | G12: =E12*F12 -> 0
B13: SETOP -DES-CES-005 | C13: CESTA BÁSICA | D13: und | E13: =100*12 -> 1200 | G13: =E13*F13 -> 0
B14: SETOP -DES-TRA-005 | C14: TRANSPORTE PESSOAL - VALE TRANSPORTE | D14: und | E14: =100*2*22*12 -> 52800 | G14: =E14*F14 -> 0
B15: SETOP -CON-AGU-015 | C15: CONSUMO DE ÁGUA - OBRAS COM VALOR ACIMA DE 3.000.000,01 | D15: Mês | E15: 12 | G15: =-E15*F15 -> 0
B16: SETOP -CON-ELE-015 | C16: CONSUMO DE ENERGIA - OBRAS COM VALOR ACIMA DE 3.000.000,01 | D16: Mês | E16: 12 | G16: =-E16*F16 -> 0
B17: SETOP -CON-ESC-015 | C17: MATERIAL DE ESCRITORIO - OBRAS COM VALOR ACIMA D E 3.000.000,01 | D17: Mês | E17: 12 | G17: =E17*F17 -> 0
B18: SETOP -CON-LIM-015 | C18: MATERIAL DELIMPEZA - OBRAS COM VALOR ACIMA DE 3.000.000,01 | D18: Mês | E18: 12 | G18: =E18*F18 -> 0
B19: SETOP -MST-AQU-005 | C19: AQUECEDOR DE MARMITA | D19: und | E19: 5 | G19: =E19*F19 -> 0
B20: SETOP -MST-EXA-005 | C20: EXAME ADMISSIONAL/DEMISSIONAL | D20: und | E20: 600 | G20: =E20*F20 -> 0
B21: SETOP -EPI-BOT-005 | C21: BOTINA SOLADO INJETADO DE AMARRAR PVC - PAR | D21: und | E21: 1200 | G21: =E21*F21 -> 0
B22: SETOP -EPI-CAP-025 | C22: CAPACETE UNIVERSO | D22: und | E22: 400 | G22: =E22*F22 -> 0
B23: SETOP -EPI-CAP-040 | C23: CARNEIRA MÓVEL | D23: und | E23: 500 | G23: =E23*F23 -> 0
B24: SETOP -EPI-CIN-005 | C24: CINTO DE SEGURANÇA TIPO PÁRA-QUEDISTA | D24: und | E24: 50 | G24: =E24*F24 -> 0
B25: SETOP -EPI-LUV-015 | C25: LUVA DE RASPA CANO CURTO - PAR | D25: und | E25: 700 | G25: =E25*F25 -> 0
B26: SETOP -EPI-UNI-005 | C26: UNIFORME | D26: und | E26: 600 | G26: =E26*F26 -> 0
B27: SETOP -FER-CAR-015 | C27: CARRINHOS CAPACIDADE DE 80 L COM RODA DE PNEU REFORÇADO | D27: und | E27: 100 | G27: =E27*F27 -> 0
B28: SETOP -FER-DIS-005 | C28: DISCO PARA MAKITA | D28: und | E28: 200 | G28: =E28*F28 -> 0
B29: SETOP -FER-DIS-015 | C29: DISCO PARA SERRA CIRCULAR | D29: und | E29: 40 | G29: =E29*F29 -> 0
B30: VALOR TOTAL DO ITEM | G30: =SUM(G6:G29) -> 0

Sheet CRONOGRAMA,
A1: MUSEU E ARQUIVO HISTÓRICO CAMPUS PRESIDENTE JUSCELINO KUBITSCHEK - DIAMANTINA - MG CRONOGRAMA FISICO FINANCEIRO
A2: ITEM | B2: DESCRIÇÃO | C2: TOTAL | E2: 1 MÊS | G2: 2 MÊS | I2: 3 MÊS | K2: 4 MÊS | M2: 5 MÊS | O2: 6 MÊS | Q2: 7 MÊS | S2: 8 MÊS | U2: 9 MÊS | W2: 10 MÊS | Y2: 11 MÊS | AA2: 12 MÊS
C3: % | D3: VALOR | E3: % | F3: VALOR | G3: % | H3: VALOR | I3: % | J3: VALOR | K3: % | L3: VALOR | M3: % | N3: VALOR | O3: % | P3: VALOR | Q3: % | R3: VALOR | S3: % | T3: VALOR | U3: % | V3: VALOR | W3: % | X3: VALOR | Y3: % | Z3: VALOR | AA3: % | AB3: VALOR
A4: 01.00 | B4: =PLANILHA!B6 -> SERVIÇOS PRELIMINARES
A5: 02.00 | B5: =PLANILHA!B10 -> CANTEIRO DE OBRAS
A6: 03.00 | B6: =PLANILHA!B21 -> MOVIMENTO DE TERRA
A7: 04.00 | B7: =PLANILHA!B27 -> FUNDAÇÃO
A8: 05.00 | B8: =PLANILHA!B38 -> IMPERMEABILIZAÇÃO
A9: 06.00 | B9: =PLANILHA!B41 -> ESTRUTURAL
A10: 07.00 | B10: =PLANILHA!B49 -> ALVENARIAS
A11: 08.00 | B11: =PLANILHA!B56 -> COBERTURA
A12: 09.00 | B12: =PLANILHA!B64 -> PISO
A13: 10.00 | B13: =PLANILHA!B72 -> ESQUADRIAS
A14: 11.00 | B14: =PLANILHA!B87 -> REVESTIMENTOS
A15: 12.00 | B15: =PLANILHA!B96 -> PINTURA
A16: 13.00 | B16: =PLANILHA!B109 -> INSTALAÇÕES ELETRICA
A17: 14.00 | B17: =PLANILHA!B148 -> INSTALAÇÕES DE SPDCA
A18: 15.00 | B18: =PLANILHA!B166 -> INSTALAÇÕES DE INCÊNDIO
A19: 16.00 | B19: =PLANILHA!B176 -> INSTALAÇÃO DE AGUAFRIA
A20: 17.00 | B20: =PLANILHA!B194 -> INSTALAÇÃO DE ESGOTO
A21: 18.00 | B21: =PLANILHA!B223 -> LOUCAS E ACESSORIOS
A22: 19.00 | B22: =PLANILHA!B238 -> CONCLUSÃO E LIMPEZA DA OBRA
A23: 20.00 | B23: =PLANILHA!B254 -> EQUIPAMENTOS
B25: (R$) SIMPLES
B26: (%) SIMPLES
B28: (R$) ACUMULADO
B29: (%) ACUMULADO
A31: Pagina 03 de 03
